 Dungeon Crawl Stone Soup version 0.21-a0-349-g0c35859 (webtiles) character file.

566 Hasart the Cudgeler (level 7, -7/52 HPs)
             Began as a Demonspawn Fighter on Oct 7, 2017.
             Mangled by Duvessa
             ... wielding a +0 short sword
              (12 damage)
             ... on level 4 of the Dungeon.
             The game lasted 00:07:35 (3953 turns).

Hasart the Cudgeler (Demonspawn Fighter)            Turns: 3953, Time: 00:07:36

Health: -7/52      AC: 11    Str: 23    XL:     7   Next: 10%
Magic:  7/7        EV:  7    Int: 10    God:
Gold:   208        SH:  9    Dex: 12    Spells: 6/6 levels left

rFire    . . .     SeeInvis .   a - +0 flail
rCold    . . .     Gourm    .   c - +0 shield
rNeg     . . .     Faith    .   b - +0 scale mail
rPois    .         Spirit   .   (no helmet)
rElec    .         Reflect  .   (no cloak)
rCorr    .         Harm     .   (no gloves)
MR       .....                  k - +1 pair of boots
Stlth    ..........             (no amulet)
HPRegen  0.17/turn              u - ring of wizardry
MPRegen  0.10/turn              (no ring)

@: mighty
A: molten scales 2, demonic guardian 1
a: no special abilities


You were on level 4 of the Dungeon.
You were not hungry.

You visited 1 branch of the dungeon, and saw 4 of its levels.

You collected 208 gold pieces.

Inventory:

Hand Weapons
 a - a +0 flail (weapon)
Armour
 b - a +0 scale mail (worn)
 c - a +0 shield (worn)
 k - a +1 pair of boots (worn)
Jewellery
 u - a ring of wizardry (left hand)
Wands
 g - a wand of flame (28/48)
 r - a wand of disintegration (15/24)
Scrolls
 e - 7 scrolls of identify {unknown}
 m - a scroll of blinking
 p - a scroll of enchant armour
 q - 2 scrolls of teleportation
 t - a scroll of amnesia {unknown}
 w - a scroll of magic mapping
Potions
 h - a potion of cancellation {unknown}
 j - a potion of haste {unknown}
 l - 3 potions of curing {unknown}
 s - a potion of invisibility
 v - a potion of brilliance {unknown}
 z - a potion of heal wounds {unknown}
Books
 x - a book of Callings

   Spells                             Type                      Level
   a - Summon Small Mammal            Summoning                    1
   b - Call Imp                       Summoning                    2
   c - Call Canine Familiar           Summoning                    3
   d - Summon Guardian Golem          Hexes/Summoning              3
   e - Summon Lightning Spire         Summoning/Air                4
   f - Summon Ice Beast               Ice/Summoning                4
Comestibles
 f - 5 bread rations
 i - a chunk of flesh
 n - a royal jelly
 o - 3 meat rations
 A - 3 fruits


   Skills:
 - Level 3.0 Fighting
 + Level 7.2 Maces & Flails
 - Level 2.6 Armour
 - Level 2.6 Shields


You had 6 spell levels left.
You didn't know any spells.

Dungeon Overview and Level Annotations

Branches:
Dungeon (4/15)
 Temple: D:4-7

Altars:
Kikubaaqudgha
Trog

Annotations:
D:4 Duvessa


Innate Abilities, Weirdness & Mutations

You are mostly covered in molten scales. (AC +3)
A weak demonic guardian rushes to your aid.


Message History

You closely miss Duvessa.
Duvessa is heavily wounded.
Duvessa hits you but does no damage.
You closely miss Duvessa.
Duvessa is heavily wounded.
Duvessa hits you with a short sword! You block Duvessa's attack.
You closely miss Duvessa.
Duvessa is heavily wounded.
Duvessa hits you with a short sword. You block Duvessa's attack.
You feel very mighty all of a sudden. Duvessa hits you with a short sword!
* * * LOW HITPOINT WARNING * * *
Unknown command.
You barely miss Duvessa.
Duvessa is heavily wounded.
Duvessa hits you but does no damage. You block Duvessa's attack.
You completely miss Duvessa.
Duvessa is heavily wounded.
Duvessa hits you with a short sword!
You die...

#.........#
####.........#
..##.........#
..'..........#
..##.........# .
..######<#'### #######..
.#######.#.#####........
...............>)..)....
..######.#'#####@e....).
..## #.....# #.5..[...
...# #.....# #........
.#.# #.....# #........
##.# #.....# #........
#.## #.....# #$..$....
#..# #.....# #.......[
##.# #.....# ######+##
#.## #.....#


You could see Duvessa (berserk) and a friendly ufetubus.

Vanquished Creatures
  Grinder (D:3)
  A hound (D:4)
  An orc priest (D:3)
  A bullfrog skeleton (D:4)
  An orc wizard (D:3)
  A worker ant (D:4)
  Robin (D:3)
  2 gnolls (D:2)
  5 adders
  An ooze (D:1)
  2 worms (D:3)
  3 dart slugs
  2 leopard geckos
  3 orcs (D:3)
  2 ball pythons
  5 giant cockroaches
  14 goblins
  11 hobgoblins
  4 jackals (D:1)
  2 kobolds (D:1)
  2 quokkas (D:3)
  9 bats
  4 frilled lizards
  8 rats
86 creatures vanquished.

Vanquished Creatures (collateral kills)
  Dowan (D:4)
  A scorpion (D:4)
  An iguana (D:4)
  A gnoll (D:2)
  3 orcs
  A ball python (D:4)
8 creatures vanquished.

Grand Total: 94 creatures vanquished

Notes
Turn   | Place    | Note
-------+----------+-------------------------------------------
     0 | D:1      | Hasart the Demonspawn Fighter began the quest for the Orb.
     0 | D:1      | Reached XP level 1. HP: 18/18 MP: 1/1
    33 | D:1      | Reached skill level 2 in Maces & Flails
    55 | D:1      | Gained mutation: A weak demonic guardian rushes to your aid. [demonic ancestry]
    55 | D:1      | Reached XP level 2. HP: 11/24 MP: 2/2
   407 | D:1      | Reached skill level 3 in Maces & Flails
   515 | D:1      | Reached XP level 3. HP: 29/29 MP: 3/3
   923 | D:2      | Found an ancient bone altar of Kikubaaqudgha.
  1239 | D:2      | Reached XP level 4. HP: 34/35 MP: 4/4
  1317 | D:2      | Reached skill level 4 in Maces & Flails
  2353 | D:3      | Gained mutation: You are partially covered in molten scales. (AC +2) [demonic ancestry]
  2353 | D:3      | Reached XP level 5. HP: 39/41 MP: 5/5
  2381 | D:3      | Reached skill level 5 in Maces & Flails
  2759 | D:3      | Noticed Grinder
  2774 | D:3      | Paralysed by Grinder for 6 turns
  2780 | D:3      | Killed Grinder
  2780 | D:3      | Reached skill level 6 in Maces & Flails
  2780 | D:3      | Reached XP level 6. HP: 25/47 MP: 6/6
  2943 | D:3      | Noticed Robin
  2969 | D:3      | Killed Robin
  3221 | D:3      | Noticed a moth of wrath
  3224 | D:3      | Found a bloodstained altar of Trog.
  3882 | D:4      | Reached skill level 7 in Maces & Flails
  3921 | D:4      | Gained mutation: You are mostly covered in molten scales. (AC +3) [demonic ancestry]
  3921 | D:4      | Reached XP level 7. HP: 51/52 MP: 7/7
  3934 | D:4      | Noticed Duvessa
  3934 | D:4      | Noticed Dowan
  3942 | D:4      | Killed Dowan
  3953 | D:4      | Mangled by Duvessa

Vault maps used:
D:1:      dpeg_arrival_fog
D:2:      kiku_gazebo_pond_becter, minmay_misc_feat_hallway
D:3:      tgw_trog, first_bread, serial_forest, infiniplex_forest_clump_double,
          infiniplex_forest_lined_4_way, infiniplex_forest_end_2,
          infiniplex_forest_zigzag_1, infiniplex_forest_lined_room_2,
          infiniplex_forest_lined_room_2, infiniplex_forest_zigzag_1,
          uniq_robin, uniq_grinder
D:4:      uniq_duvessa

Skill      XL: |  1  2  3  4  5  6 |
---------------+-------------------+-----
Maces & Flails | 2 3 4 6 7 |  7.2
Fighting       | |  3.0
Armour         | |  2.6
Shields        | |  2.6

Action                   |  1- 3 |  4- 6 |  7- 9 || total
-------------------------+-------+-------+-------++-------
Melee: Flail             |   152 |   233 |     9 ||   394
  Use: Scroll            |       |     5 |       ||     5
       Potion            |       |       |     1 ||     1
  Eat: Chunk             |     1 |     9 |       ||    10
Armor: Scale mail        |    86 |   124 |     3 ||   213
Dodge: Dodged            |    50 |    59 |     1 ||   110
Block: Shield            |    86 |   137 |     7 ||   230

Table legend:
 A = Spawn XP
 B = Non-spawn XP
 C = Spawn XP percentage of total XP
 D = Spawn monster count
 E = Non-spawn monster count
 F = Spawn count percentage of total count
 G = Total turns spent on level
                    A         B        C        D         E        F      G
               +---------+---------+-------+---------+---------+-------+---------
         Total |       0 |     809 |   0.0 |       0 |      94 |   0.0 |  3953
               +---------+---------+-------+---------+---------+-------+---------
           D:1 |       0 |      58 |   0.0 |       0 |      30 |   0.0 |   888
           D:2 |       0 |      84 |   0.0 |       0 |      16 |   0.0 |  1219
           D:3 |       0 |     437 |   0.0 |       0 |      39 |   0.0 |  1667
           D:4 |       0 |     230 |   0.0 |       0 |       9 |   0.0 |   179
               +---------+---------+-------+---------+---------+-------+---------
